 Dungeon Crawl Stone Soup version 0.31-a0-188-g5e087ee2ca (webtiles) character file.

Game seed: 4859027449132393054

106 qw the Skirmisher (level 4, 0/25 HPs)
             Began as a Deep Elf Hunter on June 23, 2023.
             Slain by a kobold
             ... wielding a +0 short sword
              (2 damage)
             ... on level 4 of the Dungeon.
             The game lasted 00:00:43 (2344 turns).

qw the Skirmisher (Deep Elf Hunter)                 Turns: 2344, Time: 00:00:44

Health: 0/25       AC:  7    Str:  9 (10) XL:     4   Next: 55%
Magic:  6/6        EV: 10    Int: 13 (14) God:
Gold:   104        SH:  5    Dex: 17 (18) Spells: 3/3 levels left

rFire   . . .        Y - +0 shortbow
rCold   . . .        (shield currently unavailable)
rNeg    + . .        f - +0 ring mail
rPois   .            i - +1 helmet
rElec   .            (no cloak)
rCorr   .            (no gloves)
SInv    .            (no boots)
Will    .....        l - amulet of reflection
Stlth   +            d - ring of positive energy
HPRegen 0.24/turn    (no ring)
MPRegen 0.10/turn

%: reflection
@: no status effects
A: no striking features
a: no special abilities


You were on level 4 of the Dungeon.
You visited 1 branch of the dungeon, and saw 4 of its levels.

You collected 104 gold pieces.


   Skills:
 - Level 1.5 Fighting
 + Level 8.0 Ranged Weapons
 - Level 2.4 Dodging
 - Level 1.2 Stealth


You had 3 spell levels left.
You didn't know any spells.
Your spell library was empty.

Inventory:

Hand Weapons
 Y - a +0 shortbow (weapon)
Armour
 f - a +0 ring mail (worn)
 i - a +1 helmet (worn)
Jewellery
 d - a ring of positive energy (left hand)
 l - an amulet of reflection (around neck)
Scrolls
 a - a scroll of identify
Potions
 e - a potion of might {unknown}
 h - a potion of curing {unknown}
 j - a potion of heal wounds {unknown}
 m - a potion of enlightenment {unknown}
 n - a potion of lignification {unknown}

Dungeon Overview and Level Annotations

Branches:
Dungeon (4/15)
 Temple: D:4-7

Altars:
Elyvilon
Qazlal
Xom

Shops:
D:3 (


Message History

The orc priest mumbles some strange prayers to Beogh against you.
Pain shoots through your body!
An ufetubus comes into view.
You shoot an arrow. The arrow barely misses the orc priest.
An orc comes into view. It is wielding a +0 falchion.
The shadow imp gestures at you. Pain shoots through your body!
A kobold comes into view. It is wielding a +0 short sword.
You shoot an arrow.
The arrow closely misses the orc priest.
The orc shouts!
The orc priest barely misses you.
You shoot an arrow.
The arrow closely misses the orc priest.
The orc priest hits you with a +0 hand axe.
You shoot an arrow. The arrow hits the orc priest.
The orc priest is heavily wounded.
The orc priest hits you but does no damage.
You shoot an arrow. The arrow hits the orc priest!
You kill the orc priest!
You feel your dexterity returning.
You shoot an arrow. The arrow hits the orc!
You kill the orc!
The shadow imp hits you. The ufetubus closely misses you.
The ufetubus hits you but does no damage.
You shoot an arrow. The arrow hits the ufetubus!
You kill the ufetubus!
You hear the slow rusting of a very distant drain.
An orc comes into view. It is wielding a +0 short sword.
The shadow imp hits you.
Your Ranged Weapons skill increases to level 8!
You shoot an arrow. The arrow hits the shadow imp.
The shadow imp is lightly wounded.
The shadow imp gestures at you. Pain shoots through your body!
The kobold barely misses you.
The shadow imp hits you but does no damage.
You shoot an arrow.
The arrow closely misses the shadow imp.
The kobold hits you with a +0 short sword.
You die...

..# #......# #.#
#..<...# ~ #.#
#......# .. #.#
#).%...# ~~.
#.###......# ~~..
#.##.......#
7..###.##.##.####
#..5..#.<#....
##.K@#..##....#
#..##.## ...#
.o..# #.# ###
....#. #.# ... .
..# .. .# ... #
.7 .... P. ..}.


You could see a shadow imp, an orc and a kobold.

Vanquished Creatures
  An orc priest (D:4)
  An adder (D:2)
  An ufetubus (D:4)
  A dart slug (D:2)
  6 orcs
  4 ball pythons
  2 bats (D:1)
  5 giant cockroaches
  5 goblins
  5 hobgoblins
  7 quokkas
  3 frilled lizards (D:1)
  3 kobolds
  3 rats
47 creatures vanquished.

Notes
Turn   | Place    | Note
-------+----------+-------------------------------------------
     0 | D:1      | qw the Deep Elf Hunter began the quest for the Orb.
     0 | D:1      | Reached XP level 1. HP: 12/12 MP: 3/3
     0 | D:1      | 0 ||| qw: Version: 0.3-a-9-g12657ce
     0 | D:1      | 0 ||| qw: Game counter: 3243
     0 | D:1      | 0 ||| qw: Always use a shield: true
     0 | D:1      | 0 ||| qw: God list: Okawaru
     0 | D:1      | 0 ||| qw: Allow faded altars: false
     0 | D:1      | 0 ||| qw: Do Orc after D:15 true
     0 | D:1      | 0 ||| qw: Do second Lair branch before Depths: true
     0 | D:1      | 0 ||| qw: Lair rune preference: random
     0 | D:1      | 0 ||| qw: Plans: Normal
     0 | D:1      | 0 ||| PLANNING D:1-11
    72 | D:1      | Reached XP level 2. HP: 16/16 MP: 4/4
    80 | D:1      | Reached skill level 6 in Ranged Weapons
   877 | D:1      | 877 ||| UPGRADING to +0 ring mail.
   887 | D:1      | 887 ||| DROPPING +0 leather armour.
   888 | D:1      | 888 ||| READING 2 scrolls labelled OHECZA WEAMI.
   889 | D:1      | 889 ||| READING scroll labelled FIURAU IDEAGE.
   892 | D:1      | 892 ||| READING scroll labelled LEB BUESODUI.
   893 | D:1      | 893 ||| READING scroll labelled HUL PAIHYTTY.
   894 | D:1      | 894 ||| DROPPING scroll of butterflies.
  1120 | D:2      | Found a stormy altar of Qazlal.
  1191 | D:2      | Reached XP level 3. HP: 20/20 MP: 5/5
  1480 | D:2      | 1480 ||| UPGRADING to +0 helmet.
  1485 | D:2      | 1485 ||| UPGRADING to amulet of reflection.
  1490 | D:2      | 1490 ||| UPGRADING to ring of positive energy.
  1491 | D:2      | 1491 ||| DROPPING +6 ring of intelligence.
  1492 | D:2      | 1492 ||| READING scroll labelled KANNARGH ZAGA.
  1554 | D:3      | Reached skill level 7 in Ranged Weapons
  1619 | D:3      | 1619 ||| READING scroll of enchant armour.
  1619 | D:3      | 1619 ||| ENCHANTING +0 helmet.
  2005 | D:3      | Found Plog's Antique Weapon Shoppe.
  2113 | D:3      | HP: 2/20 [orc/+0 morningstar (8)]
  2246 | D:3      | Found a white marble altar of Elyvilon.
  2253 | D:3      | 2253 ||| READING scroll labelled LICOID NIRGH.
  2254 | D:3      | 2254 ||| DRINKING 2 smoky inky potions.
  2255 | D:3      | 2255 ||| READING 3 scrolls of identify.
  2255 | D:3      | 2255 ||| IDENTIFYING metallic clear potion
  2256 | D:3      | 2256 ||| READING 2 scrolls of identify.
  2256 | D:3      | 2256 ||| IDENTIFYING murky sapphire potion
  2257 | D:3      | 2257 ||| DROPPING potion of attraction.
  2258 | D:3      | 2258 ||| DROPPING potion of brilliance.
  2259 | D:3      | 2259 ||| DROPPING potion of degeneration.
  2295 | D:4      | 2295 ||| PLANNING SEWER
  2301 | D:4      | Reached XP level 4. HP: 25/25 MP: 6/6
  2305 | D:4      | Found a shimmering altar of Xom.
  2343 | D:4      | Reached skill level 8 in Ranged Weapons
  2343 | D:4      | HP: 2/25 [shadow imp/nerve-wracking pain (6)]
  2344 | D:4      | Slain by a kobold

Levels and vault maps discovered:
D:1:      nzn_arrival_crosshair, layout_basic, serial_rivers,
          chequers_serial_rivers_micro_e, chequers_serial_rivers_large_b,
          chequers_serial_rivers_small_a, chequers_serial_rivers_room_b,
          chequers_serial_rivers_marsh
D:2:      layout_loops_ring, basic_altar
D:3:      layout_basic, nicolae_elyvilon_temple_path, serial_glass,
          glass_columns_c, glass_columns_b, serial_shops,
          nicolae_shop_behind_doors
D:4:      layout_rooms, mainiacjoe_overflow_alcove_1,
          mainiacjoe_overflow_surrounded_room, serial_shops, shop,
          portal_sewer_entry_f, serial_demonic, serial_demonic_a,
          serial_demonic_c, serial_demonic_e, serial_demonic_a,
          serial_demonic_d, serial_demonic_a, serial_demonic_f,
          serial_demonic_c, serial_demonic_g, serial_demonic_f

Skill      XL: |  1  2  3  4 |
---------------+-------------+-----
Ranged Weapons | 6 7 8 |  8.0
Fighting       | |  1.5
Dodging        | |  2.4
Stealth        | |  1.2

Action                     |  1- 3 |  4- 6 || total
---------------------------+-------+-------++-------
   Fire: Shortbow          |   108 |    12 ||   120
    Use: Scroll            |     9 |       ||     9
         Potion            |     1 |       ||     1
 Armour: Leather armour    |     1 |       ||     1
         Ring mail         |    14 |     3 ||    17
  Dodge: Dodged            |    26 |     3 ||    29
  Block: Other             |    11 |       ||    11

Table legend:
 A = Non-vault XP
 B = Vault XP
 C = Vault XP percentage of total XP
 D = Non-vault monster count
 E = Vault monster count
 F = Vault count percentage of total count
                 A         B        C        D         E       F
            +---------+---------+-------+---------+---------+-------
      Total |     144 |       8 |   5.3 |      46 |       1 |   2.1
            +---------+---------+-------+---------+---------+-------
        D:1 |      33 |       0 |   0.0 |      19 |       0 |   0.0
        D:2 |      28 |       0 |   0.0 |       8 |       0 |   0.0
        D:3 |      33 |       0 |   0.0 |      15 |       0 |   0.0
        D:4 |      50 |       8 |  13.8 |       4 |       1 |  20.0
            +---------+---------+-------+---------+---------+-------
